 Dungeon Crawl Stone Soup version 0.29-a0-284-gf9362112df (webtiles) character file.

Game seed: 17033111110998657437

64 spaghetti the Skirmisher (level 4, -1/53 HPs)
             Began as an Ogre Chaos Knight on Mar 20, 2022.
             Was a Believer of Lugonu.
             Slain by a jumping spider (shapeshifter) (16 damage)
             ... on level 2 of the Dungeon.
             The game lasted 00:01:53 (748 turns).

spaghetti the Skirmisher (Ogre Chaos Knight)         Turns: 748, Time: 00:01:53

Health: -1/53      AC:  5    Str: 18    XL:     4   Next: 12%
Magic:  4/4        EV:  5    Int: 13    God:    Lugonu [**....]
Gold:   10         SH:  0    Dex:  8    Spells: 3/3 levels left

rFire   . . .      SeeInvis .   a - +0 mace (chaos) {mace}
rCold   . . .      Faith    .   (no shield)
rNeg    . . .      Spirit   .   b - +2 robe
rPois   .          Reflect  .   (helmet restricted)
rElec   .          Harm     .   (no cloak)
rCorr   .          Rampage  .   (gloves unavailable)
Will    .....                   (boots unavailable)
Stlth   +.........              (no amulet)
HPRegen 0.17/turn               (no ring)
MPRegen 0.09/turn               (no ring)

@: about to teleport, held
A: large, unfitting armour, tough skin 1
a: Renounce Religion, Depart the Abyss, Bend Space


You were on level 2 of the Dungeon.
You worshipped Lugonu.
Lugonu was pleased with you.
You visited 1 branch of the dungeon, and saw 3 of its levels.

You collected 10 gold pieces.


Innate Abilities, Weirdness & Mutations

You are too large for most types of armour.
You have tough skin. (AC +1)


   Skills:
 + Level 6.4 Fighting
 - Level 2.6 Maces & Flails
 - Level 2.1 Dodging


You had 3 spell levels left.
You didn't know any spells.
Your spell library contained the following spells:

 Spells                   Type           Power      Damage    Failure   Level
 Beastly Appendage        Tmut           0%         N/A       30%         1
 Wereblood                Tmut           0%         N/A       43%         2
 Spider Form              Tmut/Pois      0%         N/A       67%         3

Inventory:

Hand Weapons
 a - a +0 mace of chaos (weapon) {mace}
Missiles
 g - 64 stones {throwing}
Armour
 b - a +2 robe (worn)
Jewellery
 e - a ring of protection from fire
   (You found it on level 1 of the Dungeon)
Scrolls
 h - a scroll of amnesia {unknown}
 i - a scroll of immolation {!r!r}
Potions
 d - 2 potions of attraction {!q}
Miscellaneous
 c - a piece from Xom's chessboard (15/15) (quivered)

Dungeon Overview and Level Annotations

Branches:
Dungeon (3/15)

Altars:
Makhleb
Lugonu

Shops:
D:2

[ ####. ... ####
###################.#
#..............s@°..#
#.###################
#.# #.# #.# #.# #.#
#.# #.##########


You could see a jumping spider shaped shifter (very poisoned).


Message History

You take 1 damage, and now have 43/44 hp.
You closely miss the jackal. The jackal barely misses you.
You barely miss the jackal. The jackal barely misses you.
The jackal bites you. 😕 HP[-1]
You take 1 damage, and now have 42/44 hp.
You hit the jackal but do no damage. The jackal bites you. x2 😕 HP[-2]
You take 2 damage, and now have 40/44 hp.
You sock the jackal! You freeze the jackal.
You kill the jackal!
Lugonu accepts your kill. 😕 HP[+1]
You hit the jackal but do no damage. The jackal closely misses you. x2
You hit the jackal but do no damage.
The jackal bites you but does no damage. x2
You closely miss the jackal. The jackal barely misses you.
You barely miss the jackal.
The jackal bites you but does no damage. x2
You sock the jackal! You freeze the jackal.
You kill the jackal!
Lugonu accepts your kill. The jackal closely misses you.
You hit the jackal. You burn the jackal.
You kill the jackal!
Lugonu accepts your kill. 😕 HP[+1]
Things that are here:
a jackal corpse; a jackal corpse; 😎 HP[+2]
Your hp is fully restored (44).
You see here a +0 hand axe {axe}.
You see here a +0 mace {mace}.
A dart slug comes into view.
A dart slug is nearby!
A dart slug is nearby!
The dart slug launches a dart at you. The slug dart hits you. 😕 HP[-2]
You take 2 damage, and now have 42/44 hp.
You barely miss the dart slug. The dart slug barely misses you.
You hit the dart slug. The dart slug closely misses you.
You sock the dart slug!
You kill the dart slug!
Lugonu accepts your kill.
An adder comes into view.
The adder hisses angrily. 😎 HP[+2]
Your hp is fully restored (44).
An adder is nearby!
You barely miss the adder. The adder bites you. 😕 HP[-1]
You take 1 damage, and now have 43/44 hp.
You hit the adder but do no damage.
Space warps horribly around the adder!!
You kill the adder!
Lugonu accepts your kill.
You have reached level 4! 😕 HP[+9] MP[+1]
You now have 53 max hp (+9).
You regained 9 hp, and now have 52/53 hp.
Your mp is fully restored (4).
A rat comes into view. 😎 HP[+1]
Your hp is fully restored (53).
A rat is nearby!
A rat is nearby!
The rat bites you but does no damage.
You barely miss the rat. The rat barely misses you.
You hit the rat but do no damage.
The rat seems to speed up.
The rat barely misses you.
The rat bites you but does no damage. "This might be better!"
The rat changes into a shapeshifter!
Unknown command.
You closely miss the shapeshifter.
The shapeshifter changes into a jumping spider!
You hit the jumping spider.
The jumping spider is poisoned.
The jumping spider pounces on you! The jumping spider barely misses you.
The jumping spider pounces on you!
The jumping spider bites you but does no damage. 😮 HP[-19]
You take 19 damage, and now have 34/53 hp.
MASSIVE DAMAGE!! (PAUSE)
You closely miss the jumping spider. The jumping spider pounces on you!
* * * LOW HITPOINT WARNING * * *
You are caught in a web!
The jumping spider completely misses you.
The jumping spider leaps! 😨 HP[-11]
You take 11 damage, and now have 23/53 hp.
MASSIVE DAMAGE!! (PAUSE)
Okay, then.
Okay, then.
As you read the scroll labelled GIAQUDGH ISOE, it crumbles to dust.
You feel strangely unstable.
It was a scroll of teleportation.
The web tears apart.
The jumping spider pounces on you!
* * * LOW HITPOINT WARNING * * *
You are caught in a web!
The jumping spider barely misses you. The jumping spider pounces on you!
You die...
Xom snickers!

Skill      XL: |  1  2 |
---------------+-------+-----
Fighting       | 5 6 |  6.4
Maces & Flails | |  2.6
Dodging        | |  2.1

Action                   |  1- 3 |  4- 6 || total
-------------------------+-------+-------++-------
Melee: Mace              |    56 |     5 ||    61
Evoke: Piece from Xom's  |     2 |       ||     2
  Use: Scroll            |     4 |     1 ||     5
 Stab: Petrified         |     6 |       ||     6
Armor: Robe              |    23 |     3 ||    26
Dodge: Dodged            |    23 |     5 ||    28

Levels and vault maps discovered:
D:1:      roderic_crossed_star, layout_rooms,
          chequers_ecumenical_altar_simple_redux, kennysheep_doodads,
          st_stairs_14
D:2:      layout_basic, basic_altar, serial_shops, nicolae_square_shop,
          uniq_sigmund, uniq_jessica
D:3:      layout_basic, minmay_lizard_king

Notes
Turn   | Place    | Note
-------+----------+-------------------------------------------
     0 | D:1      | spaghetti the Ogre Chaos Knight began the quest for the
                  | Orb.
     0 | D:1      | Reached XP level 1. HP: 24/24 MP: 1/1
     0 | D:1      | magus.rc [v1.9.6]
    50 | D:1      | Found a faded altar of an unknown god.
    56 | D:1      | Prayed at the altar of an unknown god.
    56 | D:1      | Fell from the grace of Xom
    56 | D:1      | Became a worshipper of Lugonu the Unformed
    56 | D:1      | Reached * piety under Lugonu
    56 | D:1      | Reached ** piety under Lugonu
    99 | D:2      | You pick up a book of Changes and begin reading...
    99 | D:2      | You add the spells Beastly Appendage, Wereblood and Spider
                  | Form to your library.
   143 | D:2      | Reached skill level 5 in Fighting
   143 | D:2      | Reached XP level 2. HP: 25/35 MP: 2/2
   259 | D:2      | Noticed Jessica
   368 | D:2      | Killed Jessica
   369 | D:2      | Reached skill level 6 in Fighting
   369 | D:2      | Reached XP level 3. HP: 32/44 MP: 3/3
   488 | D:2      | Found Mobouvora's Armour Shoppe.
   499 | D:2      | Found a burning altar of Makhleb.
   712 | D:2      | Reached XP level 4. HP: 52/53 MP: 4/4
   743 | D:2      | Noticed a shapeshifter
   743 | D:2      | a rat changed into a shapeshifter
   743 | D:2      | XOM: polymorph rat -> shapeshifter
   744 | D:2      | Noticed a jumping spider
   744 | D:2      | a shapeshifter changed into a jumping spider
   748 | D:2      | Slain by a jumping spider (shapeshifter)

Vanquished Creatures
  Jessica (D:2)
  2 adders (D:2)
  A dart slug (D:2)
  An endoplasm (D:1)
  A goblin (D:2)
  A hobgoblin (D:2)
  4 jackals (D:2)
  3 ball pythons
  A frilled lizard (D:2)
  A kobold (D:2)
  3 rats
19 creatures vanquished.

Table legend:
 A = Non-vault XP
 B = Vault XP
 C = Vault XP percentage of total XP
 D = Non-vault monster count
 E = Vault monster count
 F = Vault count percentage of total count
                 A         B        C        D         E       F
            +---------+---------+-------+---------+---------+-------
      Total |      53 |      39 |  42.4 |      17 |       2 |  10.5
            +---------+---------+-------+---------+---------+-------
        D:1 |       5 |       2 |  28.6 |       4 |       1 |  20.0
        D:2 |      48 |      37 |  43.5 |      13 |       1 |   7.1
            +---------+---------+-------+---------+---------+-------

Illustrated notes

Table legend:
 A = Kills in this place as a percentage of kills in entire the game.
 B = Kills by you in this place as a percentage of kills by you in the entire game.
 C = Kills by friends in this place as a percentage of kills by friends in the entire game.
 D = Other kills in this place as a percentage of other kills in the entire game.
 E = Experience gained in this place as a percentage of experience gained in the entire game.
 F = Experience gained in this place divided by the number of levels of this place that you have seen.
                   A       B       C       D       E      F
               +-------+-------+-------+-------+-------+----------------------
         Total | 100.0 | 100.0 |   N/A |   N/A | 100.0 |  30.7
       Dungeon | 100.0 | 100.0 |   N/A |   N/A | 100.0 |  30.7
               +-------+-------+-------+-------+-------+----------------------

Table legend: (Time is in decaauts)
 A = Elapsed time spent in this place.
 B = Non-inter-level travel time spent in this place.
 C = Inter-level travel time spent in this place.
 D = Time resting spent in this place.
 E = Time spent auto-exploring this place.
 F = Levels seen in this place.
 G = Mean time per level.
                   A        B        C        D        E       F      G
               +--------+--------+--------+--------+--------+-----+--------+
         Total |    775 |    775 |      0 |    155 |    436 |   3 |  258.3 |
       Dungeon |    775 |    775 |      0 |    155 |    436 |   3 |  258.3 |
               +--------+--------+--------+--------+--------+-----+--------+

Top non-repeatable levels by time:
     D:2: 603 daAuts
     D:1: 96 daAuts
     D:3: 76 daAuts
